 Dungeon Crawl Stone Soup version 0.31-a0-75-g6fe912e8c5 (webtiles) character file.

Game seed: 688423430023422619

58 Pimp the Trooper (level 3, 0/29 HPs)
             Began as a Demonspawn Fighter on May 23, 2023.
             Slain by Sigmund
             ... wielding a +1 scythe of protection
              (8 damage)
             ... on level 2 of the Dungeon.
             The game lasted 00:01:29 (1301 turns).

Pimp the Trooper (Demonspawn Fighter)               Turns: 1301, Time: 00:01:30

Health: 0/29       AC:  6    Str: 18    XL:     3   Next: 76%
Magic:  3/3        EV:  9    Int:  9    God:
Gold:   114        SH:  0    Dex: 12    Spells: 2/2 levels left

rFire   . . .        a - +0 war axe
rCold   . . .        c - +0 buckler
rNeg    . . .        b - +0 scale mail
rPois   .            (no helmet)
rElec   .            (no cloak)
rCorr   .            (no gloves)
SInv    .            (no boots)
Will    .....        (no amulet) Stlth
                     (no ring)
HPRegen 0.24/turn    (no ring)
MPRegen 0.16/turn

%: no passive effects
@: confused
A: magic regeneration
a: no special abilities


You were on level 2 of the Dungeon.
You visited 1 branch of the dungeon, and saw 2 of its levels.

You collected 114 gold pieces.

Inventory:

Hand Weapons
 a - a +0 war axe (weapon)
Armour
 b - a +0 scale mail (worn)
 c - a +0 buckler (worn)
Scrolls
 i - a scroll of identify
 j - a scroll of enchant armour {unknown}
Potions
 d - a potion of might
 e - 3 potions of curing
 f - a potion of brilliance
 g - a potion of heal wounds {unknown}
 h - a potion of lignification {unknown}
 k - a potion of haste {unknown}


   Skills:
 + Level 3.4 Fighting
 + Level 2.4 Axes
 + Level 3.2 Armour
 + Level 3.1 Shields


You had 2 spell levels left.
You didn't know any spells.
Your spell library was empty.

Dungeon Overview and Level Annotations

Branches:
Dungeon (2/15)

Altars:

Annotations:
D:2 Sigmund


Innate Abilities, Weirdness & Mutations

You regenerate magic rapidly.


Message History

You block the worm's attack.
You slash the worm!
You kill the worm!
No target in view!
Sigmund and a hobgoblin come into view.
Sigmund is wielding a +1 scythe of protection.
Sigmund shouts!
The hobgoblin shouts!
There are monsters nearby!
There are monsters nearby!
A kobold comes into view. It is wielding a +0 war axe.
The kobold shouts!
You block Sigmund's attack.
You hit Sigmund but do no damage.
Sigmund hits you with a +1 scythe of protection!
You hit Sigmund.
Sigmund is lightly wounded.
You closely miss the hobgoblin.
Sigmund hits you with a +1 scythe of protection.
The hobgoblin barely misses you. The kobold hits you with a +0 war axe.
You block the hobgoblin's attack.
You are too injured to fight recklessly!
Sigmund attacks as you move away! Sigmund barely misses you.
The kobold attacks as you move away! The kobold hits you with a +0 war axe.
* * * LOW HITPOINT WARNING * * *
Sigmund casts a spell at you.
You are confused.
You're too confused to move!
The kobold hits you but does no damage. Sigmund closely misses you.
You hit the kobold.
You kill the kobold!
Sigmund barely misses you.
You closely miss the hobgoblin.
The hobgoblin hits you but does no damage. x2
Sigmund mumbles some strange words.
Sigmund flickers and vanishes!
Deactivating autopickup; reactivate with Ctrl-A.
You're too confused to move!
The hobgoblin hits you.
* * * LOW HITPOINT WARNING * * *
Something hits you!
You die...

# .###.# #.
....#### ..
......# #.##.....#
#........#
.###.......#####
.......{........
####...#g#####.
##.##@# ## #.#
##########.# ##.#
#+# #.......##.#
...# #.#
#.#####.##.# ##...
#.# #.# #.##.#
...#
##.###.#####.##.#
#..#
##...##.#...<....#
#gg# ###
#.....#.#.###.####
#Bg# #..


You could see a hobgoblin.

Vanquished Creatures
  Robin (D:2)
  A worm (D:2)
  A dart slug (D:1)
  6 ball pythons
  2 bats
  2 endoplasms
  7 goblins
  7 hobgoblins (D:2)
  A quokka (D:2)
  A frilled lizard (D:2)
  7 kobolds
  2 rats (D:1)
38 creatures vanquished.

Notes
Turn   | Place    | Note
-------+----------+-------------------------------------------
     0 | D:1      | Pimp the Demonspawn Fighter began the quest for the Orb.
     0 | D:1      | Reached XP level 1. HP: 18/18 MP: 1/1
   126 | D:1      | Gained mutation: You regenerate magic rapidly. [demonic
                  | ancestry]
   126 | D:1      | Reached XP level 2. HP: 23/24 MP: 2/2
   662 | D:1      | Found a faded altar of an unknown god.
   757 | D:2      | Noticed Robin
   769 | D:2      | Reached XP level 3. HP: 23/29 MP: 3/3
   943 | D:2      | Killed Robin
  1291 | D:2      | Noticed Sigmund
  1301 | D:2      | Slain by Sigmund

Illustrated notes

Levels and vault maps discovered:
D:1:      wander_arrival_fairy_ring, layout_basic, basic_ecumenical_altar,
          wad_floor_pattern_2
D:2:      layout_loops_corners, uniq_robin, uniq_sigmund

Skill      XL: |  1  2 |
---------------+-------+-----
Axes           | 2 |  2.4
Armour         | 3 |  3.2
Shields        | 3 |  3.1
Fighting       | |  3.4

Action                     || total
---------------------------++-------
  Melee: War axe           ||    93
    Use: Scroll            ||     3
 Armour: Scale mail        ||    58
  Dodge: Dodged            ||    48
  Block: Buckler           ||    31

Table legend: (Time is in decaauts)
 A = Elapsed time spent in this place.
 B = Non-inter-level travel time spent in this place.
 C = Inter-level travel time spent in this place.
 D = Time resting spent in this place.
 E = Time spent auto-exploring this place.
 F = Levels seen in this place.
 G = Mean time per level.
                   A        B        C        D        E       F      G
               +--------+--------+--------+--------+--------+-----+--------+
         Total |   1341 |   1324 |     17 |     40 |   1035 |   2 |  670.5 |
       Dungeon |   1341 |   1324 |     17 |     40 |   1035 |   2 |  670.5 |
               +--------+--------+--------+--------+--------+-----+--------+

Top non-repeatable levels by time:
     D:1: 751 daAuts
     D:2: 589 daAuts
